[Event "*** Titled Tuesday Blitz"]
[Site "Chess.com"]
[Date "2018.05.01"]
[Round "7"]
[White "Bryakin_Mikhail"]
[Black "Abund"]
[Result "0-1"]
[WhiteElo "2592"]
[BlackElo "2514"]
[TimeControl "180+2"]
[EndTime "14:34:13 PDT"]
[Termination "Abund won by resignation"]

1. d4 Nf6 2. c4 e6 3. Nf3 b6 4. g3 Ba6 5. Qc2 c5 6. dxc5 bxc5 7. Bg2 Bb7 8. O-O Be7 9. Nc3 O-O 10. Rd1 Qb6 11. e4 d6 12. e5 dxe5 13. Nxe5 Bxg2 14. Kxg2 Nc6 15. Nxc6 Qxc6+ 16. f3 Rad8 17. Be3 h6 18. Rxd8 Rxd8 19. Rd1 Ng4 20. Bg1 Ne5 21. Rxd8+ Bxd8 22. Qe2 Nd7 23. Qe4 Qc8 24. b3 Bb6 25. Na4 Qc7 26.
Bf2 Qd6 27. Nc3 Qd2 28. Qe3 Qd6 29. Ne4 Qc6 30. h4 f5 31. Nc3 Nf6 32. Qe5 Ng4 33.
Qb8+ Kh7 34. Bg1 Bc7 35. Qb5 Qd6 36. fxg4 Qxg3+ 37. Kf1 Qxc3 38. gxf5 Qa1+ 39. Kg2 Qxa2+ 40. Bf2 Qe2 41. Qxc5 Bb6 0-1

[Event "*** Titled Tuesday Blitz"]
[Site "Chess.com"]
[Date "2018.05.01"]
[Round "7"]
[White "MatthewG-p4p"]
[Black "ilmago"]
[Result "1-0"]
[WhiteElo "2592"]
[BlackElo "1944"]
[TimeControl "180+2"]
[EndTime "14:34:15 PDT"]
[Termination "MatthewG-p4p won on time"]

1. e4 c5 2. a3 g6 3. h4 Bg7 4. h5 Nc6 5. Bc4 Nf6 6. hxg6 hxg6 7. Rxh8+ Bxh8 8. Nc3 a6 9. d3 b5 10. Ba2 e6 11.
Bg5 Qc7 12. Qf3 Nd4 13. Qh3 Bg7 14. O-O-O b4 15. Nce2 Nxe2+ 16. Nxe2 bxa3 17. bxa3 Qe5 18. Qh4 Ng8 19. c3 Qxg5+ 20. Qxg5 Bh6 21. Qxh6 Nxh6 22. Rh1 Ng4 23. f3 Nf2 24. Rh8+ Ke7 25. Kd2 Bb7 26. Rxa8 Bxa8 27. Bc4 a5 28. Ke1 d5 29. Bb5 Nxe4 30. fxe4 dxe4 31. d4 cxd4 32. Nxd4 Kd6 33. Nb3 e3 34. g3 Ke5 35. Ke2 f5 36. Kxe3 g5 37. Nxa5 f4+ 38. gxf4+ gxf4+ 39. Kf2 Kd5 40. Nb3 e5 41. c4+ Ke6 42. c5 e4 43. Bc4+ Ke5 44. a4 e3+ 45. Ke2 Ke4 46. Bd3+ Kd5 47. a5 1-0

[Event "*** Titled Tuesday Blitz"]
[Site "Chess.com"]
[Date "2018.05.01"]
[Round "7"]
[White "Oleksandr_Bortnyk"]
[Black "Sven_Tica"]
[Result "1-0"]
[WhiteElo "2785"]
[BlackElo "2642"]
[TimeControl "180+2"]
[EndTime "14:34:18 PDT"]
[Termination "Oleksandr_Bortnyk won by resignation"]

1. d4 Nf6 2. Nc3 d5 3. Bf4 c6 4. e3 Bf5 5. Nf3 h6 6. Bd3 Bxd3 7. cxd3 e6 8. e4 g5 9. Be3 Bg7 10. h4 Ng4 11. Bd2 e5 12. dxe5 Nxe5 13. Nxe5 Bxe5 14.
hxg5 d4 15. Na4 Nd7 16. b3 hxg5 17. Rxh8+ Bxh8 18. Qh5 Bf6 19. O-O-O Qe7 20. g3 O-O-O 21. Nb2 Ne5 22. f4 Ng6 23. e5 Bg7 24. Re1 Rh8 25. Qg4+ Qd7 26. Qxg5 Qe7 27. Qg4+ Qd7 28. e6 Qd6 29.
e7+ Kc7 30. e8=Q Rxe8 31. Rxe8 Qa3 32. Kb1 Kb6 33. Nc4+ Ka6 34. Nxa3 1-0

[Event "*** Titled Tuesday Blitz"]
[Site "Chess.com"]
[Date "2018.05.01"]
[Round "7"]
[White "Storne89"]
[Black "Margency"]
[Result "1-0"]
[WhiteElo "2535"]
[BlackElo "2528"]
[TimeControl "180+2"]
[EndTime "14:34:21 PDT"]
[Termination "Storne89 won by resignation"]

1. e4 c5 2. Nf3 d6 3. d4 cxd4 4. Nxd4 Nf6 5. Nc3 a6 6. h3 e6 7. g4 h6 8. Bg2 g5 9. Be3 Nbd7 10. O-O Ne5 11. a4 Be7 12. b3 Ng6 13. Nde2 Nd7 14. f4 gxf4 15. Nxf4 Nxf4 16. Bxf4 Ne5 17. Qd2 Bg5 18. Ne2 Qe7 19. Rad1 Bd7 20. Qxd6 Qxd6 21. Rxd6 Bxf4 22. Nxf4 Ke7 23. Rd2 Rac8 24. Rff2 b5 25. axb5 axb5 26. Nd3 Nxd3 27. Rxd3 Rc5 28. Rfd2 Bc6 29.
Kf2 Rc8 30. Ke3 Be8 31. Bf3 Rxc2 32. Rxc2 Rxc2 33. e5 b4 34. Be4 Bb5 35. Rd7+ Kxd7 36. Bxc2 Kc6 37. Kd4 Kb6 38. h4 Be2 39. g5 hxg5 40.
hxg5 Bf1 41. Be4 Be2 42. Bh7 Bh5 43. Kc4 Ka5 44. Bg8 Be2+ 45. Kc5 Bh5 46. Kd6 Kb5 47. Ke7 Kc5 48. Bxf7 Bd1 49. Bxe6 Bc2 50. Kf6 1-0

[Event "*** Titled Tuesday Blitz"]
[Site "Chess.com"]
[Date "2018.05.01"]
[Round "7"]
[White "DrVelja"]
[Black "GMSrinath"]
[Result "0-1"]
[WhiteElo "2533"]
[BlackElo "2743"]
[TimeControl "180+2"]
[EndTime "14:34:28 PDT"]
[Termination "GMSrinath won by resignation"]

1. e4 c5 2. Nf3 d6 3. d4 cxd4 4. Nxd4 Nf6 5. Nc3 Nc6 6. Bg5 e6 7. Qd2 a6 8. O-O-O Be7 9. f3 O-O 10. g4 Nxd4 11. Qxd4 b5 12. Kb1 Qa5 13. h4 b4 14. Ne2 e5 15. Qd2 Be6 16. Nc1 Rfd8 17. Bxf6 Bxf6 18. g5 Be7 19. h5 d5 20. exd5 Bxd5 21. Bd3 Bxf3 22. Qf2 e4 23. Rhf1 Qc5 24. Qe1 Bxd1 25. Qxe4 Rxd3 26. Nxd3 Qxc2+ 27. Ka1 Rc8 28. Qe3 Qe2 0-1

[Event "*** Titled Tuesday Blitz"]
[Site "Chess.com"]
[Date "2018.05.01"]
[Round "7"]
[White "LADIESGET2KNOWME"]
[Black "bascheyaro"]
[Result "0-1"]
[WhiteElo "2539"]
[BlackElo "2668"]
[TimeControl "180+2"]
[EndTime "14:34:30 PDT"]
[Termination "bascheyaro won by resignation"]

1. e4 e6 2. d4 d5 3. exd5 exd5 4. Nf3 Nf6 5. Bd3 c5 6. c4 dxc4 7. Bxc4 cxd4 8. Ng5 Bb4+ 9. Nd2 Qe7+ 10. Qe2 Qxe2+ 11. Kxe2 O-O 12. Nb3 Nc6 13. Rd1 h6 14. Nf3 Bg4 15. h3 Rfe8+ 16. Kf1 Bxf3 17. gxf3 Rad8 18. Bf4 Bd6 19.
Bg3 Bxg3 20. fxg3 a6 21. Kf2 Rd6 22. Rd2 g5 23. Rad1 Red8 24. Nc5 b5 25. Bf1 Ra8 26.
Nb3 Rad8 27. Nc5 Ra8 28. Nb3 h5 29. Nxd4 Rad8 30. Nb3 Rxd2+ 31. Rxd2 Rxd2+ 32. Nxd2 Kf8 33. Nb3 Ke7 34. Nc5 Nb8 35. h4 gxh4 36. gxh4 Kd6 37. Ne4+ Nxe4+ 38. fxe4 Nd7 39. Ke3 Ke5 40. a4 bxa4 41.
Bxa6 Nc5 42. Be2 Nxe4 43. Bxh5 Nd6 44. Kd3 f5 45. Bd1 Ne4 46. h5 Nf2+ 47. Ke2 Nxd1 48. Kxd1 Kf6 49. Kc2 Kg5 50. b4 axb3+ 51. Kxb3 Kxh5 52.
Kc2 Kg4 53. Kd2 Kf3 54. Ke1 Kg2 55. Ke2 f4 56. Ke1 f3 57. Kd2 f2 58. Ke3 f1=Q 59.
Kd4 Kf3 60. Kc3 Ke4 61. Kb2 Kd4 62. Ka2 Kc4 63. Kb2 Qf2+ 64. Ka3 Qg2 0-1

[Event "*** Titled Tuesday Blitz"]
[Site "Chess.com"]
[Date "2018.05.01"]
[Round "7"]
[White "RojonR"]
[Black "PrinceCharming92"]
[Result "0-1"]
[WhiteElo "2390"]
[BlackElo "2458"]
[TimeControl "180+2"]
[EndTime "14:34:31 PDT"]
[Termination "PrinceCharming92 won by resignation"]

1. e4 d5 2. exd5 Qxd5 3. Nc3 Qd6 4. d4 Nf6 5. Nf3 c6 6. Be2 Bf5 7. O-O e6 8. h3 Be7 9. Bg5 Nbd7 10. Qd2 O-O 11. Bf4 Qb4 12. a3 Qxb2 13. Ra2 Qb6 14. Rb1 Qd8 15. Rxb7 Nb6 16. Ne5 Qe8 17. Bg5 Nfd5 18.
Nxd5 Bxg5 19. Qxg5 cxd5 20. a4 h6 21. Qg3 Qc8 22. Ba6 Qd8 23. a5 Nc4 24. Nxc4 dxc4 25. c3 Bd3 26. Rab2 Qxa5 27. Qd6 Rad8 28. Qc6 Rc8 29. Qb5 Qa1+ 30. Kh2 Qc1 31. Qb4 Qf4+ 32. g3 Qf3 33. Rxa7 Be4 0-1

[Event "*** Titled Tuesday Blitz"]
[Site "Chess.com"]
[Date "2018.05.01"]
[Round "7"]
[White "bangchess21"]
[Black "lucasmito"]
[Result "1-0"]
[WhiteElo "2509"]
[BlackElo "2361"]
[TimeControl "180+2"]
[EndTime "14:34:33 PDT"]
[Termination "bangchess21 won by checkmate"]

1. e4 e5 2. Nf3 Nc6 3. d4 exd4 4. Nxd4 Nf6 5. Nxc6 bxc6 6. e5 Qe7 7. Qe2 Nd5 8. c4 Ba6 9. Nd2 g6 10. b3 Bg7 11. Bb2 O-O 12. O-O-O Rfe8 13. Nf3 d6 14. Qd2 Nb6 15. exd6 Bxb2+ 16. Kxb2 cxd6 17. Qxd6 Qb7 18. Ka1 Rab8 19. Bd3 Bxc4 20. Bxc4 Nxc4 21. Qc5 Nb6 22. Rhe1 Nd5 23. Nd4 Nb4 24. Rxe8+ Rxe8 25. a3 Nd5 26. Qxc6 Qxc6 27. Nxc6 Nc3 28. Rd2 Re1+ 29. Kb2 Nb5 30. a4 Nc7 31. Nxa7 Ne6 32. b4 Kf8 33. Nc6 Ke8 34.
b5 Re4 35. b6 Nc5 36. Rd8# 1-0

[Event "*** Titled Tuesday Blitz"]
[Site "Chess.com"]
[Date "2018.05.01"]
[Round "7"]
[White "Vamostodorecto"]
[Black "LuisFSiles"]
[Result "0-1"]
[WhiteElo "2390"]
[BlackElo "2252"]
[TimeControl "180+2"]
[EndTime "14:34:34 PDT"]
[Termination "LuisFSiles won by resignation"]

1. d4 Nf6 2. c4 g6 3. Nc3 Bg7 4.
e4 d6 5. Be2 O-O 6. Nf3 c5 7. d5 e6 8. O-O exd5 9. cxd5 Bg4 10. Bg5 Bxf3 11. Bxf3 h6 12. Bf4 a6 13. Qd2 Kh7 14.
e5 dxe5 15. Bxe5 Nbd7 16. Bg3 b5 17. Rfe1 b4 18. Ne4 Nxe4 19. Bxe4 Bd4 20. Bf4 Qf6 21.
Bf3 Bxb2 22. Rad1 Bc3 23. Qc1 Bxe1 24. Rxe1 Rae8 25. Rd1 Ne5 26. Be4 c4 27. d6 Nd3 28.
Bxd3 cxd3 29. h3 Re4 30. Bxh6 Rd8 31. Bg5 Qxd6 32. Bxd8 Qxd8 33. Qc6 Re2 34. Qxa6 Qd4 35. Rf1 Rxf2 36. Rxf2 d2 37. Kh2 Qxf2 38. Qd6 Qe1 39. Qf8 Qe5+ 40. g3 Qe2+ 0-1

[Event "*** Titled Tuesday Blitz"]
[Site "Chess.com"]
[Date "2018.05.01"]
[Round "7"]
[White "Fandorine"]
[Black "FairChess_on_YouTube"]
[Result "0-1"]
[WhiteElo "2720"]
[BlackElo "2880"]
[TimeControl "180+2"]
[EndTime "14:34:38 PDT"]
[Termination "FairChess_on_YouTube won by resignation"]

1. e4 c5 2. Nf3 d6 3. Nc3 Nf6 4.
e5 dxe5 5. Nxe5 e6 6. Bb5+ Bd7 7. Nxd7 Nbxd7 8. d4 a6 9. Be2 cxd4 10. Qxd4 Bc5 11.
Qh4 O-O 12. O-O Qc7 13. Ne4 Nxe4 14. Qxe4 Nf6 15. Qh4 b5 16. Bd3 Qe5 17. c3 Rad8 18. Bf4 Qh5 19. Qg3 e5 20. Bg5 Rxd3 21. Qxd3 Ng4 22. h4 h6 23. Bd8 e4 24. Qd7 Ne5 25. Qc7 e3 26. Kh1 e2 27. Rfe1 Nd3 28. Be7 Nxf2+ 29. Kg1 Be3 30. Qg3 Nd1+ 31. Kh2 Re8 32. Qf3 Qxf3 33. gxf3 Rxe7 0-1

[Event "*** Titled Tuesday Blitz"]
[Site "Chess.com"]
[Date "2018.05.01"]
[Round "7"]
[White "DishonorOnYourCow"]
[Black "LikeWater"]
[Result "1-0"]
[WhiteElo "2313"]
[BlackElo "2478"]
[TimeControl "180+2"]
[EndTime "14:34:39 PDT"]
[Termination "DishonorOnYourCow won by resignation"]

1. d4 Nf6 2. c4 b6 3. Nc3 Bb7 4. Nf3 e6 5. e3 g6 6. Bd3 Bg7 7.
O-O O-O 8. e4 d6 9. b4 a5 10. b5 e5 11. dxe5 Nfd7 12. Bg5 Qc8 13. Rc1 Nxe5 14. Nxe5 dxe5 15. Nd5 Bxd5 16. cxd5 Qd7 17.
Qc2 Ra7 18. a4 Qd6 19. Be2 Nd7 20. Qc6 Nc5 21. Rc4 f5 22. exf5 gxf5 23. Be3 Ne4 24. f3 Nf6 25. Qxd6 cxd6 26. Bxb6 Rb7 27. Bxa5 Nxd5 28. Rc6 Kh8 29. Rxd6 Ne3 30. Rc1 Ra8 31. Bb6 f4 32. a5 Nf5 33. Rdc6 h5 34. Rc8+ Rxc8 35.
Rxc8+ Kh7 36. Bd3 Kg6 37. Rc6+ Bf6 38. a6 Rxb6 39. Rxb6 e4 40. Bxe4 1-0

[Event "*** Titled Tuesday Blitz"]
[Site "Chess.com"]
[Date "2018.05.01"]
[Round "7"]
[White "FearlessKing64"]
[Black "PowerThinking2650"]
[Result "0-1"]
[WhiteElo "2158"]
[BlackElo "2285"]
[TimeControl "180+2"]
[EndTime "14:34:43 PDT"]
[Termination "PowerThinking2650 won by resignation"]

1. e4 e5 2. Nf3 Nc6 3. Bc4 Nf6 4. d4 exd4 5. e5 d5 6. Bb5 Ne4 7. Nxd4 Bc5 8. Be3 O-O 9. Nxc6 bxc6 10. Bxc5 Nxc5 11.
Bxc6 Ba6 12. Nc3 d4 13. Bxa8 dxc3 14. Qxd8 Rxd8 15. b4 Na4 16. Bc6 Nb2 17. b5 Bc8 18. O-O Bf5 19. Rfc1 Rd2 20. a4 Bxc2 21. a5 g5 22. b6 cxb6 23. axb6 axb6 24. h3 Nd3 25. Rf1 Bb3 26. Ra3 Nc5 27. Bf3 c2 28. Raa1 Nd3 29.
Kh2 Nxe5 30. Bh5 Kg7 31. f4 gxf4 32. Rxf4 Nd3 33. Rxf7+ Bxf7 0-1

[Event "*** Titled Tuesday Blitz"]
[Site "Chess.com"]
[Date "2018.05.01"]
[Round "7"]
[White "tuttocalabria"]
[Black "DrZeiss"]
[Result "1-0"]
[WhiteElo "2400"]
[BlackElo "2226"]
[TimeControl "180+2"]
[EndTime "14:34:44 PDT"]
[Termination "tuttocalabria won on time"]

1. d4 Nf6 2. Bg5 b6 3. Bxf6 gxf6 4. e3 Bb7 5. Nf3 e6 6. g3 d6 7. Bg2 Nd7 8. O-O Bg7 9. c4 f5 10. Nc3 O-O 11. Ne1 Bxg2 12. Nxg2 Nf6 13. Qd3 Qd7 14.
Rad1 Rad8 15. Rfe1 Rfe8 16. Nf4 c6 17. Qf1 Qc8 18. Qg2 e5 19. Nfe2 h5 20. Rd2 h4 21.
Red1 e4 22. Qh3 hxg3 23. Nxg3 Ng4 24. Nce2 d5 25. Qh5 Nh6 26. cxd5 cxd5 27. Rc1 Qd7 28. Rdc2 Rc8 29. Rxc8 Rxc8 30. Rxc8+ Qxc8 31. Nc3 Qe6 32. Qg5 f6 33. Qg6 Kf8 34. Nh5 Qf7 35. Qxf7+ Kxf7 36. Nxd5 Bf8 37. Nhxf6 Ke6 38. Kg2 Bg7 39. Ne8 1-0

[Event "*** Titled Tuesday Blitz"]
[Site "Chess.com"]
[Date "2018.05.01"]
[Round "7"]
[White "2Tilted"]
[Black "ChainsOfFantasia"]
[Result "1-0"]
[WhiteElo "2295"]
[BlackElo "2409"]
[TimeControl "180+2"]
[EndTime "14:34:44 PDT"]
[Termination "2Tilted won by resignation"]

1. d4 Nf6 2. Nf3 e6 3. c4 d5 4.
g3 Be7 5. Bh3 O-O 6. Nbd2 c5 7.
cxd5 Qxd5 8. dxc5 Bxc5 9. Qb3 Qc6 10. O-O b6 11. Bg2 Bb7 12. Nh4 Qc8 13. Bxb7 Qxb7 14. Nc4 Nc6 15. Bf4 Nd4 16. Qd1 Rfd8 17. e3 e5 18.
Bxe5 Nc6 19. Qf3 Nd5 20. Rfd1 Nde7 21. Nd6 Bxd6 22. Bxd6 Rac8 23. Rac1 Qa8 24. Bxe7 Nxe7 25. Qxa8 Rxa8 26. Rxd8+ Rxd8 27. Rc7 Nc8 28. Nf5 Kf8 29. Nd4 g6 30. Kf1 a5 31. Ke2 Ne7 32. Rxe7 Kxe7 33.
Nc6+ Kd7 34. Nxd8 Kxd8 35. Kd3 Kd7 36. Kd4 Kd6 37. h4 Ke6 38. e4 h6 39. g4 g5 40.
hxg5 hxg5 41. e5 a4 42. a3 Ke7 43. Ke4 Ke6 44. f3 b5 45. f4 gxf4 46. Kxf4 Kd5 47. Kf5 Kc4 48. Kf6 Kb3 49. Kxf7 Kxb2 50. e6 b4 51. axb4 a3 52. e7 a2 53. e8=Q a1=Q 54.
Qe5+ Kb3 55. Qxa1 1-0

[Event "*** Titled Tuesday Blitz"]
[Site "Chess.com"]
[Date "2018.05.01"]
[Round "7"]
[White "Jbd735"]
[Black "BlackBoarder"]
[Result "1-0"]
[WhiteElo "2355"]
[BlackElo "2221"]
[TimeControl "180+2"]
[EndTime "14:34:46 PDT"]
[Termination "Jbd735 won by checkmate"]

1. e4 e6 2. d4 d5 3. Nc3 Bb4 4. e5 Ne7 5. Qg4 c5 6. a3 Qa5 7. Bb5+ Bd7 8. Bxd7+ Kxd7 9. Ne2 cxd4 10. Qxd4 Nbc6 11. Qf4 d4 12. Rb1 Bxc3+ 13. bxc3 b6 14. O-O Qxe5 15. Qf3 dxc3 16. Rd1+ Ke8 17. Bf4 Qf6 18. Rd6 Rc8 19. Nxc3 Nd4 20. Rxd4 Qxd4 21. Nb5 Qd5 22. Nd6+ Kd7 23. Qe2 Kc6 24. Rd1 Qc5 25. Nxf7 Rhf8 26. Qxe6+ Kb7 27. Nd6+ Ka8 28. Qe4+ Qc6 29.
Qxe7 Rxf4 30. Nxc8 Rc4 31. Qxa7# 1-0

[Event "*** Titled Tuesday Blitz"]
[Site "Chess.com"]
[Date "2018.05.01"]
[Round "7"]
[White "nihalsarin"]
[Black "arna"]
[Result "1-0"]
[WhiteElo "2722"]
[BlackElo "2119"]
[TimeControl "180+2"]
[EndTime "14:34:46 PDT"]
[Termination "nihalsarin won by checkmate"]

1. e4 c5 2. Nf3 Nc6 3. d4 cxd4 4. Nxd4 e5 5. Nb5 d6 6. N5c3 Be7 7. Nd5 Nf6 8. Nbc3 Be6 9. Bc4 O-O 10. O-O Na5 11. Nxf6+ Bxf6 12. Bd5 Be7 13. Qd3 Nc6 14. a3 a6 15. Be3 Rc8 16. Rad1 b5 17. Rd2 Qc7 18. Qe2 Na5 19. Bxe6 fxe6 20. Qg4 Rf6 21. Rd3 Rg6 22.
Qh3 Nc4 23. Bc1 Rf8 24. Rg3 Rff6 25. b3 Nb6 26. Bg5 Rf7 27. Bxe7 Rxg3 28. Qxg3 Rxe7 29. Qd3 Rd7 30. Rd1 Qc6 31. g3 d5 32. exd5 exd5 33.
Qf5 Qxc3 34. Qe6+ Kf8 35. Qxb6 Qxc2 36. Re1 Qf5 37. Qxa6 Rf7 38. Qa8+ Ke7 39. f4 e4 40. Rc1 g6 41. Rc7+ Kf6 42. Qh8+ Ke6 43. Qe8+ Kf6 44. Rxf7# 1-0

[Event "*** Titled Tuesday Blitz"]
[Site "Chess.com"]
[Date "2018.05.01"]
[Round "7"]
[White "dretch"]
[Black "Zaven_ChessMood"]
[Result "1-0"]
[WhiteElo "2726"]
[BlackElo "2849"]
[TimeControl "180+2"]
[EndTime "14:35:06 PDT"]
[Termination "dretch won by resignation"]

1. d4 Nf6 2. c4 c5 3. d5 b5 4. cxb5 a6 5. bxa6 g6 6. Nc3 Bg7 7. Nf3 O-O 8. e4 d6 9. Be2 Qa5 10. O-O Bxa6 11. Re1 Nbd7 12. Bd2 Qb6 13. b3 Ng4 14.
Bxa6 Qxa6 15. a4 Rfb8 16. Rc1 Nde5 17. Nxe5 Nxe5 18. Nb5 Nd3 19. Nc7 Qb7 20. Nxa8 Rxa8 21. Rc4 Nxe1 22. Bxe1 Rb8 23. b4 Bd4 24. b5 f5 25.
Rxd4 cxd4 26. Qxd4 Qc7 27. Bc3 Kf7 28. exf5 Rc8 29.
fxg6+ hxg6 30. Qg7+ Ke8 31. Qxg6+ Kd7 32. Qe6+ Ke8 33. Be1 Qc2 34. b6 Rd8 35. a5 Qb1 36. h4 Ra8 37. Kh2 Rd8 38. f3 Kf8 39. Bd2 Ke8 40.
Bg5 Qh7 41. b7 Rb8 42. a6 Qg7 43. a7 1-0

[Event "*** Titled Tuesday Blitz"]
[Site "Chess.com"]
[Date "2018.05.01"]
[Round "7"]
[White "OparinGrigoriy"]
[Black "Firouzja2003"]
[Result "1-0"]
[WhiteElo "2885"]
[BlackElo "2861"]
[TimeControl "180+2"]
[EndTime "14:35:07 PDT"]
[Termination "OparinGrigoriy won by resignation"]

1. e4 c5 2. Nf3 Nc6 3. Bb5 g6 4. Bxc6 dxc6 5. d3 Bg7 6. h3 Nf6 7. Nc3 Nd7 8. Be3 e5 9. Qd2 h6 10. h4 Qe7 11. h5 g5 12. Ng1 Nf8 13. Nge2 Ne6 14. Ng3 Nf4 15. f3 O-O 16. Nf5 Bxf5 17. exf5 c4 18. g3 cxd3 19. Ne4 Rfd8 20. Bc5 Qd7 21.
gxf4 exf4 22. f6 Qe6 23. Be7 Rd7 24. cxd3 Rxe7 25. fxe7 f5 26. O-O-O fxe4 27. dxe4 Qxe7 28. Qd7 Qc5+ 29. Kb1 Qb4 30. Rh2 Kh8 31. Qe6 Qb6 32. a3 Rf8 33. Rc2 Qe3 34. Rd7 Qxf3 35. Qg6 Rg8 36. Rcd2 Qf1+ 37. Rd1 Qc4 38. Rxg7 Rxg7 39. Rd8+ Qg8 40. Qxh6+ Rh7 41. Qf6+ Rg7 42. h6 1-0

[Event "*** Titled Tuesday Blitz"]
[Site "Chess.com"]
[Date "2018.05.01"]
[Round "7"]
[White "Kangoroo3000"]
[Black "sergeikim"]
[Result "1-0"]
[WhiteElo "2435"]
[BlackElo "2361"]
[TimeControl "180+2"]
[EndTime "14:35:09 PDT"]
[Termination "Kangoroo3000 won on time"]

1. d4 Nf6 2. c4 g6 3. Nc3 Bg7 4. e4 d6 5. Be2 O-O 6. Be3 Nbd7 7. Nf3 e5 8. d5 Nc5 9. Nd2 a5 10. g4 c6 11. h4 Nfd7 12. h5 Bf6 13. Nf3 Nb6 14. Rg1 cxd5 15. cxd5 Bd7 16. Rc1 Rc8 17. Qd2 Nba4 18. Bd3 Nxd3+ 19. Qxd3 Nxb2 20. Qb1 Nc4 21.
Bh6 Re8 22. Qxb7 a4 23. Qa6 Qa5 24. Qxa5 Nxa5 25. Nd2 Rc5 26. Be3 Rc7 27. Bb6 Rxc3 28. Rxc3 Ra8 29. Ke2 Bb5+ 30. Kf3 Bg5 31. Be3 Bd8 32.
Rb1 Bd7 33. Bb6 Rb8 34. Bxd8 Rxd8 35. Rb6 Be8 36. Nc4 Nxc4 37. Rxc4 f5 38. exf5 gxf5 39. gxf5 Bxh5+ 40. Ke4 Be2 41. Rxa4 Bf1 42. f6 Bg2+ 43. f3 Bh3 44. Ra7 Rc8 45. Rc6 Rd8 46. Rcc7 1-0

[Event "*** Titled Tuesday Blitz"]
[Site "Chess.com"]
[Date "2018.05.01"]
[Round "7"]
[White "MasterLeif"]
[Black "juniortay"]
[Result "0-1"]
[WhiteElo "2381"]
[BlackElo "2359"]
[TimeControl "180+2"]
[EndTime "14:35:12 PDT"]
[Termination "juniortay won by checkmate"]

1. e4 c5 2. Nf3 d6 3. d4 cxd4 4. Nxd4 Nf6 5. Nc3 g6 6. f4 Nc6 7. Nxc6 bxc6 8. e5 Nd7 9. exd6 exd6 10. Be3 Be7 11. Qd2 O-O 12. O-O-O Qa5 13. Bc4 d5 14. Bb3 Nf6 15. Kb1 Bb4 16. Bd4 Ne4 17. Qe3 Bxc3 18. Bxc3 Nxc3+ 19. Qxc3 Qxc3 20. bxc3 Ba6 21. Rhe1 Rfe8 22.
Kc1 Kf8 23. Kd2 Rxe1 24. Rxe1 Re8 25. Rxe8+ Kxe8 26. Ke3 Kd7 27. Ba4 Kd6 28. a3 Bc4 29. g3 Kc5 30. h4 h5 31. Bb3 Bb5 32. Ba2 a5 33. Bb3 a4 34. Ba2 Bc4 35. Bxc4 Kxc4 36. Kd2 c5 37. Kd1 Kxc3 38. Kc1 Kd4 39. Kd2 Ke4 40.
Ke2 d4 41. Kf2 c4 42. Ke2 c3 43. Ke1 Kf3 44. Kd1 Kxg3 45. Ke2 Kxf4 46. Kd3 Ke5 47.
Kc4 f5 48. Kb4 f4 49. Kxa4 d3 50. cxd3 c2 51. d4+ Kxd4 52. Ka5 c1=Q 53. a4 Kc5 54. Ka6 Qb1 55. a5 Kc6 56. Ka7 Qb7# 0-1

[Event "*** Titled Tuesday Blitz"]
[Site "Chess.com"]
[Date "2018.05.01"]
[Round "7"]
[White "StoreySniper"]
[Black "Fy_Rakotomaharo"]
[Result "0-1"]
[WhiteElo "2356"]
[BlackElo "2492"]
[TimeControl "180+2"]
[EndTime "14:35:19 PDT"]
[Termination "Fy_Rakotomaharo won by resignation"]

1. c4 e5 2. g3 c6 3. Bg2 d5 4. cxd5 cxd5 5. d4 e4 6. Nc3 Nc6 7. Nh3 Bb4 8. O-O Nge7 9. Nf4 O-O 10. Qb3 Bxc3 11. Qxc3 Bf5 12. Be3 Rc8 13. Qa3 Qa5 14. Qxa5 Nxa5 15. Rfc1 Nc4 16. b3 Nxe3 17. fxe3 g5 18.
Nh3 h6 19. Nf2 Bd7 20. Nd1 a5 21. Nc3 b5 22. a4 b4 23. Nd1 f5 24. Kf2 Kf7 25.
Ke1 Ke6 26. Kd2 Kd6 27. Nf2 Ng8 28. h4 Nf6 29. hxg5 hxg5 30. Rxc8 Rxc8 31. Rc1 Rh8 32.
Rh1 Rxh1 33. Bxh1 Nh5 34. g4 fxg4 35. Bg2 Nf6 36. Nh1 Nh5 37. Nf2 g3 38. Nd1 Ng7 39. Ke1 Bg4 40. Kf1 Nf5 41. Bh1 Nh4 42. Nb2 Ke6 43.
Nd1 Kf5 44. Nb2 Bh3+ 45. Kg1 g2 46. Bxg2 Nxg2 47. Nd1 Ne1 48. Nf2 g4 49. Nh1 Nc2 50. Kf2 Na1 51. Ng3+ Kg5 52. Nxe4+ dxe4 53. d5 Nxb3 54.
Kg3 Nc5 0-1

[Event "*** Titled Tuesday Blitz"]
[Site "Chess.com"]
[Date "2018.05.01"]
[Round "7"]
[White "gmjlh"]
[Black "akretchetov"]
[Result "1-0"]
[WhiteElo "2616"]
[BlackElo "2293"]
[TimeControl "180+2"]
[EndTime "14:35:21 PDT"]
[Termination "gmjlh won by resignation"]

1. d4 d5 2. Nf3 Nf6 3. c4 c6 4. e3 g6 5. Nc3 Bg7 6. Be2 O-O 7. O-O e6 8. b3 Nbd7 9. Bb2 Re8 10. Qc2 b6 11.
Rad1 Bb7 12. e4 dxe4 13. Nxe4 Nxe4 14. Qxe4 Qc7 15. Qe3 c5 16. Ba1 cxd4 17. Nxd4 a6 18. Bf3 e5 19. Nc2 e4 20. Be2 Ne5 21. Nb4 Nf3+ 22. Bxf3 exf3 23. Qg5 fxg2 24. Rfe1 Bxa1 25.
Rxa1 Qd6 26. Nd5 Bxd5 27. Qxd5 Qxd5 28. cxd5 Rxe1+ 29. Rxe1 Rd8 30. Rd1 Kf8 31. Kxg2 Ke7 32. Kf3 Rc8 33. Rd2 Kd6 34. Kf4 f6 35. h4 Rc5 36.
Re2 Kxd5 37. Re7 Rc2 38. f3 Rh2 39. Rxh7 g5+ 40. Kg3 Rxh4 41. Rxh4 gxh4+ 42. Kxh4 b5 43. Kh5 Ke5 44. Kg6 f5 45. b4 Kf4 46. Kf6 Kxf3 47.
Kxf5 Ke3 48. Ke5 Kd3 49. Kd5 Kc3 50. Kc5 Kb2 51. Kb6 Ka3 52. Ka5 Kxa2 53. Kxa6 Ka3 54.
Kxb5 1-0

[Event "*** Titled Tuesday Blitz"]
[Site "Chess.com"]
[Date "2018.05.01"]
[Round "7"]
[White "Eliwood44"]
[Black "lolo9292"]
[Result "1-0"]
[WhiteElo "2179"]
[BlackElo "1816"]
[TimeControl "180+2"]
[EndTime "14:35:22 PDT"]
[Termination "Eliwood44 won by resignation"]

1. d4 Nf6 2. Nf3 e6 3. g3 b5 4.
Bg2 Bb7 5. O-O c5 6. c3 a6 7. a4 Be7 8. axb5 axb5 9. Rxa8 Bxa8 10. Na3 cxd4 11. Nxb5 dxc3 12. bxc3 O-O 13. Bf4 Nd5 14.
Bd2 Nb6 15. Qa1 Bd5 16. Bf4 Nc6 17. Bc7 Qa8 18. Bxb6 Qb7 19. c4 Bxf3 20. Bxf3 Qxb6 21.
Rb1 Bf6 22. Qa2 Ne5 23. Bg2 Ng4 24. e3 Rb8 25. h3 Ne5 26. Nc3 Qc7 27. Rxb8+ Qxb8 28. Ne4 Be7 29. Qc2 f5 30. Nd2 Qa7 31. Nb3 Qa4 32. Qc3 Qxc4 33. Qxe5 Qxb3 34. Qc7 Qb1+ 35. Bf1 Qd1 36. Kg2 Kf7 37. Bc4 g6 38. Qb7 h5 39.
Qf3 Qc2 40. Bf1 d5 41. g4 hxg4 42. hxg4 Bb4 43. gxf5 gxf5 44. Qh5+ Ke7 45. Qh4+ Kf7 46. Qxb4 Qc6 47. Qd4 Qd6 48. Be2 e5 49. Qh4 Qg6+ 50. Qg3 Kf6 51. Qxg6+ Kxg6 52. Kf3 Kg5 53. Bd1 e4+ 54. Kg3 f4+ 55. exf4+ Kf5 56. Bg4+ Kf6 57. Bd7 d4 58. Kg4 d3 59. Ba4 d2 60. Bd1 Kg6 61. f5+ Kf6 62. Kf4 1-0

[Event "*** Titled Tuesday Blitz"]
[Site "Chess.com"]
[Date "2018.05.01"]
[Round "7"]
[White "Caisachess"]
[Black "PawnEatingZombie"]
[Result "1-0"]
[WhiteElo "2151"]
[BlackElo "1985"]
[TimeControl "180+2"]
[EndTime "14:35:29 PDT"]
[Termination "Caisachess won by resignation"]

1. e4 c5 2. c3 Nf6 3. e5 Nd5 4. d4 cxd4 5. Nf3 e6 6. cxd4 d6 7. a3 Bd7 8. Bd3 Bc6 9. O-O Nd7 10. Qe2 Rc8 11. Bd2 dxe5 12. dxe5 Nc5 13. Bc4 Be7 14.
Nc3 Nxc3 15. Bxc3 Ne4 16. Rad1 Qc7 17. Bd4 O-O 18. Rfe1 Rfd8 19. Bd3 Nc5 20. Bb1 g6 21. Bc3 Na4 22. Bd4 b5 23. h4 Qb7 24. h5 b4 25. axb4 Qxb4 26. hxg6 hxg6 27. Qe3 Nxb2 28. Bxb2 Qxb2 29. Nd4 Bd5 30. Qh6 Bf8 31. Qg5 Bg7 32.
Nxe6 fxe6 33. Qxg6 Qb7 34. Qh7+ Kf8 35. Re3 Qf7 36.
Rxd5 Rxd5 37. Rf3 Rc1+ 38. Kh2 Rdd1 39. Rxf7+ Kxf7 40. Qh5+ Kf8 41. Qf3+ Kg8 42. Qa8+ Bf8 43. Ba2 Rh1+ 44. Kg3 Rc3+ 45. f3 Rh6 46. Qe8 Rc2 47.
Bxe6+ 1-0